 Dungeon Crawl Stone Soup version 0.28.0-49-g6dfe1f597d (webtiles) character file.

Game seed: 9108987364985289746

112 styxcanada the Sneak (level 4, -1/23 HPs)
             Began as a Spriggan Brigand on May 12, 2022.
             Killed by divine providence
             ... invoked by an orc priest
              (10 damage)
             ... on level 3 of the Dungeon.
             The game lasted 00:07:44 (2886 turns).

styxcanada the Sneak (Spriggan Brigand)             Turns: 2886, Time: 00:07:44

Health: -1/23      AC:  3    Str: 13    XL:     4   Next: 64%
Magic:  7/7        EV: 17    Int: 12    God:
Gold:   203        SH:  0    Dex: 18    Spells: 5/5 levels left

rFire   . . .      SeeInvis +   a - +2 dagger
rCold   + . .      Faith    .   (no shield)
rNeg    . . .      Spirit   .   b - +0 robe
rPois   .          Reflect  .   (helmet restricted)
rElec   .          Harm     .   c - +0 cloak
rCorr   .          Rampage  .   (gloves unavailable)
Will    .....                   (boots unavailable)
Stlth   ++++......              (no amulet)
HPRegen 0.07/turn               k - +6 ring of strength
MPRegen 0.10/turn               m - ring of protection from cold

@: very quick
A: very small, no large weapons, unfitting armour, see invisible, speed 3
a: no special abilities


You were on level 3 of the Dungeon.
You visited 1 branch of the dungeon, and saw 3 of its levels.

You collected 203 gold pieces.

Inventory:

Hand Weapons
 a - a +2 dagger (weapon)
Missiles
 e - 2 curare-tipped darts (quivered)
 g - 38 stones
 o - 2 boomerangs
Armour
 b - a +0 robe (worn)
 c - a +0 cloak (worn)
Jewellery
 k - a +6 ring of strength (left hand)
 m - a ring of protection from cold (right hand)
Scrolls
 f - a scroll of noise {unknown}
 i - 7 scrolls of identify {unknown}
 j - 2 scrolls of teleportation {unknown}
Potions
 h - 2 potions of mutation {unknown}
 l - 2 potions of degeneration {unknown}
 n - a potion of brilliance {unknown}


   Skills:
 * Level 2.1 Fighting
 + Level 2.7 Short Blades
 + Level 2.4 Throwing
 * Level 1.9 Dodging
 * Level 7.6 Stealth
 * Level 1.4 Spellcasting


You had 5 spell levels left.
You didn't know any spells.
Your spell library contained the following spells:

 Spells                   Type           Power      Damage    Failure   Level
 Dazzling Flash           Conj/Hex       0%         N/A       65%         3
 Agony                    Necr           0%         N/A       100%        5
 Silence                  Hex/Air        0%         N/A       100%        5


Dungeon Overview and Level Annotations

Branches:
Dungeon (3/15)

Altars:


Innate Abilities, Weirdness & Mutations

You are very small and have problems with some larger weapons.
You are too small for most types of armour.
You have supernaturally acute eyesight. (SInv)
You cover ground extremely quickly. (Speed+++)


Message History

Aim: an orc, wielding a +0 club and wearing a +0 leather armour (poisoned, 63% to hit)
You throw a poisoned dart. The poisoned dart hits the orc.
Unknown command.
Throw: 4 darts (poison)
Press: ? - help, Q - select action, (/) - cycle Shift-Dir - straight line, f - orc priest, p - orc
Aim: an orc priest, wielding a +0 short sword (63% to hit)
You throw a poisoned dart. The poisoned dart hits the orc.
The orc is moderately wounded.
Unknown command.
The orc priest calls upon Beogh to heal the orc.
The orc's wounds heal themselves!
Throw: 3 darts (poison)
Press: ? - help, Q - select action, (/) - cycle Shift-Dir - straight line, f/p - orc priest
Aim: an orc priest, wielding a +0 short sword (63% to hit)
You throw a poisoned dart. The poisoned dart hits the orc.
The orc looks even sicker.
The orc priest calls upon Beogh to heal the orc.
The orc's wounds heal themselves!
You completely miss the orc.
Throw: 2 darts (poison)
Press: ? - help, Q - select action, (/) - cycle Shift-Dir - straight line, f/p - orc priest
Aim: an orc priest, wielding a +0 short sword (63% to hit)
You throw a poisoned dart.
The poisoned dart completely misses the orc priest.
The poisoned dart closely misses the orc.
The poisoned dart hits the orc.
The orc is poisoned.
The orc hits you with a +0 club.
The orc priest mumbles some strange prayers to Beogh against you.
Pain shoots through your body!
Ouch! That really hurt!
Throw: dart (poison)
Press: ? - help, Q - select action, (/) - cycle Shift-Dir - straight line, f/p - orc priest
Aim: an orc priest, wielding a +0 short sword (63% to hit)
You throw a poisoned dart. The poisoned dart hits the orc priest.
The orc priest is poisoned.
The orc barely misses you.
The orc priest mumbles some strange prayers to Beogh against you.
Beogh smites you!
You die...

......##....# #.....##oob(..>#
#####.......# #############o##
## #####.########## #(# .##
###.###......# #†# #.##
#.......####.## #o# ##.#
#.#.##..#.#...# #o# #.##
#.#.##........# #.# .###
#.#...........########(#
...####.####....@o...o.o.o(..#
##......####.##.##############
#######......#### .##
###.###### ..# #.......# ..#
#.......# .†# #..#.#..# .##
#<###...# .# #..#.#..#


You could see an orc priest (poisoned) and 2 orcs.

Vanquished Creatures
  4 adders
  4 worms
  A dart slug (D:2)
  An orc (D:3)
  4 ball pythons
  7 endoplasms
  3 giant cockroaches
  7 goblins
  5 hobgoblins
  2 jackals (D:2)
  3 kobolds
  2 quokkas
  8 bats
  5 frilled lizards
  2 rats
58 creatures vanquished.

Notes
Turn   | Place    | Note
-------+----------+-------------------------------------------
     0 | D:1      | styxcanada the Spriggan Brigand began the quest for the
                  | Orb.
     0 | D:1      | Reached XP level 1. HP: 10/10 MP: 2/2
    34 | D:1      | Found a faded altar of an unknown god.
    52 | D:1      | Reached skill level 6 in Stealth
   336 | D:1      | Reached XP level 2. HP: 10/14 MP: 3/3
  1280 | D:2      | Reached XP level 3. HP: 17/18 MP: 4/4
  1503 | D:2      | Reached skill level 1 in Spellcasting
  1760 | D:2      | Reached skill level 7 in Stealth
  1997 | D:2      | Reached XP level 4. HP: 23/23 MP: 6/6
  2886 | D:3      | Killed from afar by an orc priest

Illustrated notes

Levels and vault maps discovered:
D:1:      dpeg_arrival_water_temple_mockup, layout_basic,
          hellmonk_ecumenical_altar_pennies_from_heaven, minivault_19,
          minmay_indecisive_spiral
D:2:      layout_basic
D:3:      layout_loops_cross, mainiacjoe_overflow_surrounded_room

Skill      XL: |  1  2  3  4 |
---------------+-------------+-----
Stealth        | 6 7 |  7.6
Spellcasting   | 1 |  1.4
Fighting       | 2 |  2.1
Short Blades   | |  2.7
Throwing       | |  2.4
Dodging        | |  1.9

Action                   |  1- 3 |  4- 6 || total
-------------------------+-------+-------++-------
Melee: Dagger            |   123 |    55 ||   178
       Punch             |     1 |       ||     1
Throw: Dart              |     5 |    10 ||    15
 Stab: Sleeping          |     9 |     8 ||    17
Armor: Robe              |    13 |    10 ||    23
Dodge: Dodged            |    70 |    30 ||   100
